 Dungeon Crawl Stone Soup version 0.26-a0-450-ge645bd13c1 (webtiles) character file.

Game seed: 7929755905759661460

121 VeinyPole the Stinger (level 5, -1/31 HPs)
             Began as an Octopode Venom Mage on July 27, 2020.
             Slain by a jackal (3 damage)
             ... on level 3 of the Dungeon.
             The game lasted 00:06:48 (3338 turns).

VeinyPole the Stinger (Octopode Venom Mage)         Turns: 3338, Time: 00:06:48

Health: -1/31      AC:  1    Str:  8    XL:     5   Next: 5%
Magic:  2/9        EV: 13    Int: 18    God:
Gold:   147        SH:  0    Dex: 10    Spells: 3/10 levels left

rFire    . . .     SeeInvis .   (no weapon)
rCold    . . .     Faith    .   (no shield)
rNeg     . . .     Spirit   .   (helmet restricted)
rPois    .         Reflect  .   (no amulet)
rElec    .         Harm     .   l - ring of protection from magic
rCorr    .                      (no ring)
MR       +....                  (no ring)
Stlth    +++.......             (no ring)
HPRegen  0.10/turn              (no ring)
MPRegen  0.11/turn              (no ring)
                                (no ring)
                                (no ring)

@: flying, very slightly contaminated
A: almost no armour, stealthy swim, amphibious, 8 rings, constrict 8, camouflage
1, clumsy 1, wild magic 1, gelatinous body 1
a: no special abilities


You were on level 3 of the Dungeon.
You visited 1 branch of the dungeon, and saw 4 of its levels.

You collected 147 gold pieces.

Inventory:

Jewellery
 h - an uncursed ring of ice
 l - a ring of protection from magic (left tentacle)
Wands
 a - a wand of iceblast (6)
Scrolls
 b - a scroll of fog
 c - 3 scrolls of remove curse
 d - 2 scrolls of magic mapping
 e - a scroll of immolation {unknown}
 f - 2 scrolls of amnesia
 g - a scroll of fear
 i - a scroll of enchant weapon {unknown}
 j - a scroll of teleportation
 k - a scroll of identify
 m - a scroll of random uselessness


   Skills:
 - Level 2.0 Dodging
 - Level 2.6 Stealth
 - Level 3.0 Spellcasting
 - Level 2.3 Conjurations
 - Level 1.0 Transmutations
 * Level 0.1 Air Magic
 - Level 5.0 Poison Magic


You had 3 spell levels left.
You knew the following spells:

 Your Spells              Type           Power        Failure   Level
a - Sting                 Tmut/Pois      ###.         8%          1
b - Mephitic Cloud        Conj/Pois/Air  ###.....     24%         3
c - Ignite Poison         Fire/Tmut/Pois ##......     30%         3

Your spell library contained the following spells:

 Spells                   Type           Power        Failure   Level
 Poisonous Vapours        Pois/Air       ###...       13%         2
 Olgreb's Toxic Radiance  Pois           ####....     28%         4


Dungeon Overview and Level Annotations

Branches:
Dungeon (4/15)
 Temple: D:4-7

Altars:
Fedhas
Okawaru

Annotations:
D:2 1 runed translucent door, Crazy Yiuf, Sigmund


Innate Abilities, Weirdness & Mutations

You cannot wear most types of armour.
You are very stealthy in the water. (Stealth+)
You are amphibious.
You can wear up to eight rings at the same time.
You can use your tentacles to constrict eight enemies at once.
Your skin changes colour to match your surroundings (Stealth+).
Your rubbery body absorbs attacks. (AC +1, EV +1)
You are clumsy. (Dex -2)
Your spells are a little harder to cast, but a little more powerful.


Message History

You tentacle-slap the orc but do no damage.
Your grab misses the orc.
The orc is almost dead.
You kill the orc!
The jackal completely misses you. The jackal barely misses you.
Casting: Sting (safe; 8% risk of failure)
Confirm with . or Enter, or press ? or * to list all spells.
Aiming: Sting (safe; 8% risk of failure)
Press: ? - help, Shift-Dir - straight line, f - jackal
Aim: a jackal The sting hits the jackal but does no damage.
The jackal is poisoned.
The jackal bites you.
* * * LOW HITPOINT WARNING * * *
Casting: Sting (safe; 8% risk of failure)
Confirm with . or Enter, or press ? or * to list all spells.
Aiming: Sting (safe; 8% risk of failure)
Press: ? - help, Shift-Dir - straight line, f/p - jackal
Aim: a jackal (poisoned)
The sting misses the jackal.
The jackal bites you.
You die...

....[.############
####.#........
.................#
#.(..#.#..####
.####.##)....###.#
#.####.#..#
<............###.#
#.###.....#
.####.##......##.#
#(....#...# .#
#.##.##.#.##.###[###.>.#.#
.#
#.##.##.#.............##.#
.#
#.##.##(####)###.#######.#
.####.##.##.# #@# #.#
#.#### ...##.##.##.#
#h###.# #.....
...##.##.##.####.....#
######
...##........<.#..##.# #
.............#.#...#.# #
....####.##..#.##..#.# #
........†##..#.##..#.######
#
..#.#######..#.##..#......#
#
..#.#######..#.##..######.#
#


You could see a jackal (poisoned).

Vanquished Creatures
  An orc wizard (D:4)
  2 adders
  An ooze (D:1)
  A worm (D:3)
  2 dart slugs
  2 leopard geckos (D:3)
  2 orcs (D:3)
  A ball python (D:3)
  5 bats
  A giant cockroach (D:2)
  10 goblins
  6 hobgoblins
  3 jackals
  A quokka (D:2)
  3 frilled lizards
  11 kobolds
  7 rats
59 creatures vanquished.

Notes
Turn   | Place    | Note
-------+----------+-------------------------------------------
     0 | D:1      | VeinyPole the Octopode Venom Mage began the quest for the
                  | Orb.
     0 | D:1      | Reached XP level 1. HP: 11/11 MP: 3/3
    85 | D:1      | Reached skill level 4 in Poison Magic
   134 | D:1      | Reached XP level 2. HP: 15/17 MP: 0/5
   514 | D:1      | Reached XP level 3. HP: 21/21 MP: 0/6
   533 | D:1      | Reached skill level 5 in Poison Magic
  1261 | D:2      | Found a runed translucent door.
  1262 | D:2      | Noticed Crazy Yiuf
  1639 | D:2      | Learned a level 3 spell: Mephitic Cloud
  1643 | D:2      | Learned a level 3 spell: Ignite Poison
  1696 | D:2      | Noticed Sigmund
  1705 | D:2      | Gained mutation: You are clumsy. (Dex -2) [potion of
                  | mutation]
  1705 | D:2      | Gained mutation: Your spells are a little harder to cast,
                  | but a little more powerful. [potion of mutation]
  2004 | D:3      | Reached XP level 4. HP: 27/27 MP: 6/8
  2493 | D:3      | Reached skill level 1 in Conjurations
  2748 | D:3      | Found a blossoming altar of Fedhas.
  2953 | D:3      | Found an iron altar of Okawaru.
  3318 | D:4      | Reached XP level 5. HP: 31/31 MP: 7/9
  3338 | D:3      | Slain by a jackal

Illustrated notes

Levels and vault maps discovered:
D:1:      elethiomel_arrival_infinity_welcomes_careful_drivers, layout_basic
D:2:      layout_loops_ring, kennysheep_generic_room_2, uniq_terence,
          uniq_crazy_yiuf_cottage, uniq_sigmund
D:3:      layout_loops_ring, lemuel_crystal_altar, old_standard_altar,
          kennysheep_generic_room_11
D:4:      kennysheep_the_goblin_king, layout_layer_cave, serial_shops,
          kennysheep_mini_moat

Skill      XL: |  1  2  3  4 |
---------------+-------------+-----
Poison Magic   | 4 5 |  5.0
Spellcasting   | 3 |  3.0
Conjurations   | 2 |  2.3
Dodging        | |  2.0
Stealth        | |  2.6
Transmutations | |  1.0
Air Magic      | |  0.1

Action                   |  1- 3 |  4- 6 || total
-------------------------+-------+-------++-------
Melee: Unarmed           |    12 |     2 ||    14
       Constrict         |     2 |       ||     2
       Tentacles         |     2 |       ||     2
 Cast: Sting             |    63 |    45 ||   108
       Mephitic Cloud    |     1 |       ||     1
  Use: Potion            |     2 |     1 ||     3
       Scroll            |       |     7 ||     7
Armor: Skin              |     4 |     3 ||     7
Dodge: Dodged            |    25 |    28 ||    53

Table legend: (Time is in decaauts)
 A = Elapsed time spent in this place.
 B = Non-inter-level travel time spent in this place.
 C = Inter-level travel time spent in this place.
 D = Time resting spent in this place.
 E = Time spent auto-exploring this place.
 F = Levels seen in this place.
 G = Mean time per level.
                   A        B        C        D        E       F      G
               +--------+--------+--------+--------+--------+-----+--------+
         Total |   3338 |   3222 |    116 |    995 |   1682 |   4 |  834.5 |
       Dungeon |   3338 |   3222 |    116 |    995 |   1682 |   4 |  834.5 |
               +--------+--------+--------+--------+--------+-----+--------+

Top non-repeatable levels by time:
     D:3: 1316 daAuts
     D:1: 1276 daAuts
     D:2: 721 daAuts
     D:4: 24 daAuts
